 Dungeon Crawl Stone Soup version 0.29.1-12-g30fa7ad0bf (webtiles) character file.

Game seed: 4518079215281493511

77875 Radix the Geomancer (level 15, -13/95 HPs)
             Began as a Gargoyle Earth Elementalist on Dec 29, 2022.
             Was the Champion of Vehumet.
             Mangled by a deep elf blademaster
             ... wielding a +0 rapier
              (14 damage)
             ... on level 2 of the Elven Halls.
             The game lasted 03:38:53 (24114 turns).

Radix the Geomancer (Gargoyle Earth Elementalist)  Turns: 24114, Time: 03:38:54

Health: -13/95     AC: 26    Str: 12    XL:     15   Next: 58%
Magic:  3/39       EV: 15    Int: 26    God:    Vehumet [******]
Gold:   1817       SH:  8    Dex: 10    Spells: 11/37 levels left

rFire   + . .      SeeInvis .   u - staff of earth
rCold   + . .      Faith    .   m - +0 buckler
rNeg    + . .      Spirit   .   O - +5 steam dragon scales
rPois   ∞          Reflect  +   g - +1 hat {Int+3}
rElec   +          Harm     .   b - +2 cloak {rPois}
rCorr   +          Rampage  .   v - +0 pair of gloves
Will    +....                   (no boots)
Stlth   ++........              w - amulet of reflection
HPRegen 0.25/turn               X - +4 ring of evasion
MPRegen 0.26/turn               z - ring of magical power

@: resistant, flying
A: sickness immunity, AC +11, big wings, negative energy resistance 1,
electricity resistance, torment resistance 1, petrification resistance
a: Renounce Religion


You were on level 2 of the Elven Halls.
You worshipped Vehumet.
Vehumet was exalted by your worship.
You visited 5 branches of the dungeon, and saw 19 of its levels.
You also visited: Ossuary and Ice Cave.

You collected 2237 gold pieces.
You spent 420 gold pieces at shops.

Inventory:

Hand Weapons
 F - the +11 rapier "Jiryocw" {freeze, Stlth+}
   (You found it in an ice cave)

   It freezes those it strikes, dealing additional cold damage.
   It can also slow down cold-blooded creatures.
   Stlth:     It makes you more stealthy.
Armour
 b - a +2 cloak of poison resistance (worn)
 g - a +1 hat of intelligence (worn)
 i - a +0 troll leather armour
 k - a +1 cloak
 m - a +0 buckler (worn)
 o - +0 ice dragon scales
 v - a +0 pair of gloves (worn)
 y - a +1 leather armour of resistance
 O - +5 steam dragon scales (worn)
Magical Staves
 u - a staff of earth (weapon)
 T - a staff of conjuration
Jewellery
 a - a ring of fire
 q - a ring of see invisible
 w - an amulet of reflection (around neck)
 z - a ring of magical power (right hand)
 G - an amulet of the acrobat
 N - a ring of wizardry
 X - a +4 ring of evasion (left hand)
Wands
 d - a wand of flame (8)
 p - a wand of polymorph (5)
 x - a wand of digging (12)
 A - a wand of charming (24)
 E - a wand of iceblast (10) (quivered)
Scrolls
 e - 4 scrolls of amnesia
 f - 2 scrolls of immolation
 h - 9 scrolls of teleportation
 n - 3 scrolls of enchant weapon
 r - a scroll of fog
 s - a scroll of enchant armour
 t - 3 scrolls of identify
Potions
 c - 2 potions of curing
 j - a potion of ambrosia
 l - a potion of cancellation
 B - 2 potions of might
 D - 5 potions of lignification
 I - 2 potions of resistance
Miscellaneous
 H - a phial of floods


   Skills:
 - Level 11.2 Fighting
 + Level 11.5 Staves
 - Level 1.5 Dodging
 - Level 2.1 Stealth
 + Level 11.6 Spellcasting
 + Level 12.8 Conjurations
 - Level 3.1 Summonings
 - Level 0.7 Transmutations
 + Level 4.4 Fire Magic
 - Level 14.0 Earth Magic
 - Level 8.0 Evocations


You had 11 spell levels left.
You knew the following spells:

 Your Spells              Type           Power      Damage    Failure   Level
a - Sandblast             Erth           100%       2d20      0%          1
b - Stone Arrow           Conj/Erth      100%       3d13      1%          3
c - Iron Shot             Conj/Erth      45%        9d9       1%          6
d - Lee's Rapid Deconstr  Erth           46%        3d23*     1%          5
e - Iskenderun's Battles  Conj           70%        2d12      1%          5
f - Starburst             Conj/Fire      28%        6d9       7%          6

Your spell library contained the following spells:

 Spells                   Type           Power      Damage    Failure   Level
 Shock                    Conj/Air       100%       1d9       1%          1
 Passwall                 Tmut/Erth      57%        N/A       1%          2
 Hailstorm                Conj/Ice       48%        3d11      1%          4
 Petrify                  Tmut/Erth      69%        N/A       2%          4
 Lightning Bolt           Conj/Air       24%        1d39      3%          5
 Sting                    Tmut/Pois      64%        1d6       4%          1
 Apportation              Tloc           30%        N/A       5%          1
 Orb of Destruction       Conj           35%        9d10      6%          7
 Summon Guardian Golem    Hex/Summ       23%        N/A       9%          3
 Borgnjor's Vile Clutch   Necr/Erth      33%        N/A       9%          5
 Portal Projectile        Hex/Tloc       30%        N/A       16%         3
 Tukima's Dance           Hex            15%        N/A       16%         3
 Spellforged Servitor     Conj/Summ      27%        N/A       38%         7
 Ice Form                 Ice/Tmut       16%        N/A       41%         4
 Blade Hands              Tmut           9%         N/A       73%         5
 Alistair's Intoxication  Tmut/Pois      10%        N/A       77%         5
 Eringya's Noxious Bog    Tmut/Pois      8%         N/A       83%         6
 Shatter                  Erth           46%        3d36*     98%         9
 Simulacrum               Ice/Necr       7%         N/A       100%        6
 Chain Lightning          Conj/Air       24%        3d32      100%        9
 Fire Storm               Conj/Fire      28%        8d7       100%        9


Dungeon Overview and Level Annotations

Branches:
Dungeon (9/15)             Temple (1/1) D:5            Lair (5/5) D:9
  Swamp (0/4) Lair:2       Spider (0/4) Lair:3        Slime (0/5) Lair:4
    Orc (2/2) D:9             Elf (1/3) Orc:2       Ossuary (visited)
  IceCv (visited)

Altars:
Ashenzari
Cheibriados
Dithmenos
Elyvilon
Fedhas
Gozag
Hepliaklqana
Kikubaaqudgha
Makhleb
Nemelex Xobeh
Okawaru
Qazlal
Ru
Sif Muna
Trog
Uskayaw
Vehumet
Wu Jian
Xom
Yredelemnul
Zin
Jiyva

Shops:
D:7 [   D:8 (   Orc:2 *(*=

Portals:
Pandemonium: Orc:2

Annotations:
Elf:2 Donald


Innate Abilities, Weirdness & Mutations

You are immune to sickness and miasma.
Your stone body is resilient. (AC +11)
You are immune to poison.
Your large and strong wings let you fly.
You resist negative energy. (rN+)
You are resistant to electric shocks. (rElec)
You are resistant to unholy torment.
You are immune to petrification.


Message History

The +1 short sword of electrocution hits you but does no damage.
You hit the +1 short sword of electrocution but do no damage.
You shatter the +1 short sword of electrocution.
The +1 short sword of electrocution is moderately damaged.
The +1 short sword of electrocution hits you but does no damage.
You block the +1 short sword of electrocution's attack.
You hit the +1 short sword of electrocution but do no damage.
The +1 short sword of electrocution is lightly damaged.
The +1 short sword of electrocution hits you but does no damage.
You barely miss the +1 short sword of electrocution.
The +1 short sword of electrocution is lightly damaged.
The +1 short sword of electrocution hits you but does no damage.
You barely miss the +1 short sword of electrocution.
The +1 short sword of electrocution is lightly damaged.
The +1 short sword of electrocution hits you but does no damage.
A deep elf zephyrmancer comes into view.
It is wielding a +0 dagger.
As you read the scroll of teleportation, it crumbles to dust.
You feel strangely unstable.
The +1 short sword of electrocution hits you but does no damage.
You block the +1 short sword of electrocution's attack.
The deep elf zephyrmancer mumbles some strange words.
The deep elf zephyrmancer blinks!
The +1 short sword of electrocution hits you.
Keep disrobing?
The +1 short sword of electrocution hits you but does no damage.
You start removing your amulet.
You continue taking off your amulet of reflection.
Your surroundings suddenly seem different.
You continue taking off your amulet of reflection.
The deep elf blademaster hits you with a +0 rapier!
* * * LOW HITPOINT WARNING * * *
The deep elf blademaster hits you but does no damage.
The deep elf blademaster hits you with a +0 rapier!
* * * LOW HITPOINT WARNING * * *
You block the deep elf blademaster's attack.
You continue taking off your amulet of reflection.
The deep elf blademaster hits you with a +0 rapier!
* * * LOW HITPOINT WARNING * * *
The deep elf blademaster hits you with a +0 rapier!
You die...

#...........
#...........
.###...........
#...#........(.
.....#........#
......#......#.
.......#....#..
......e@#..#...
........e##....
.........# .
........#.
..(....#(..
......#.....
.....#.......
#...#.........


You could see a deep elf blademaster, a deep elf zephyrmancer and 3 dancing
weapons.

Vanquished Creatures
  A frost giant (IceCv)
  An ettin (Orc:1)
  An ice dragon (Lair:1)
  A boulder beetle (Lair:5)
  4 hydras
  The ghost of Tiala the Thaumaturge, a journeyman DrCj of Hepliaklqana (Lair:1)
  3 demonspawn (Orc:2)
  5 dancing weapons
  4 two-headed ogres
  7 death yaks
  The ghost of Radix the Arsonist, a journeyman GrCA of Ignis (Lair:2)
  A tengu warrior (D:9)
  4 orc high priests (Orc:2)
  7 orc knights
  6 deep elf pyromancers
  4 deep elf zephyrmancers (Elf:1)
  An oklob plant (Lair:1)
  9 orc sorcerers (Orc:2)
  2 ugly things
  2 black mambas
  11 elephants
  A torpor snail (Lair:5)
  10 cane toads
  4 unseen horror zombies
  An ice statue (IceCv)
  5 rime drakes
  Maggie (D:8)
  9 komodo dragons
  A red devil (Orc:2)
  3 ice devils
  4 trolls
  Grinder (D:5)
  17 polar bears
  5 hornets
  15 blink frogs
  5 dream sheep
  2 air elementals
  11 spriggans (Lair:5)
  Sigmund (D:5)
  9 wyverns
  26 yaks
  7 basilisks
  2 redbacks (Lair:3)
  2 steam dragons (D:9)
  A vampire mosquito (D:9)
  2 wargs (Orc:1)
  14 water moccasins
  An acid dragon (D:6)
  3 ice beasts
  22 orc warriors
  4 black bears
  45 wolves
  3 centaurs
  8 ogres
  5 boggarts (Lair:5)
  2 phantoms (D:5)
  3 kobold brigands
  9 bullfrogs
  2 scorpions (D:6)
  2 wyvern zombies
  A necrophage (D:5)
  10 wights
  12 killer bees
  A howler monkey (D:9)
  2 electric eels
  7 centaur zombies
  2 komodo dragon simulacra (Lair:1)
  21 orc priests
  3 hounds
  Crazy Yiuf (D:5)
  3 iguanas
  A hell rat (Lair:1)
  7 orc wizards
  3 yak simulacra (Lair:1)
  2 killer bee zombies (D:8)
  A basilisk simulacrum (Lair:1)
  8 mummies (Ossuary)
  4 howler monkey zombies
  4 gnolls (D:5)
  7 adders
  A shadow imp (D:7)
  3 white imps
  An ufetubus (D:6)
  2 worms
  3 dart slugs
  60 orcs
  4 ball pythons
  7 bats
  3 endoplasms
  A gnoll zombie (Ossuary)
  4 goblins
  9 hobgoblins
  4 quokkas
  3 frilled lizards
  2 hobgoblin zombies (Ossuary)
  11 kobolds
  3 kobold zombies (Ossuary)
  2 orc zombies (Ossuary)
  5 rats
572 creatures vanquished.

Vanquished Creatures (others)
  A rime drake (Lair:1)
  A polar bear (IceCv)
  A centaur zombie (D:8)
  An orc priest (Orc:2)
  An orc (D:8)
  A butterfly (Lair:1)
  26 fungi
  29 plants
  5 withered plants (D:8)
66 creatures vanquished.

Grand Total: 638 creatures vanquished

Notes
Turn   | Place    | Note
-------+----------+-------------------------------------------
     0 | D:1      | Radix the Gargoyle Earth Elementalist began the quest for
                  | the Orb.
     0 | D:1      | Reached XP level 1. HP: 10/10 MP: 3/3
     0 | D:1      | Noticed a minotaur zombie
     2 | D:1      | Noticed a demonspawn zombie
     6 | D:1      | Noticed a merfolk zombie
     8 | D:1      | Noticed a merfolk zombie
    15 | D:1      | Noticed a minotaur zombie
    15 | D:1      | Noticed a minotaur zombie
    17 | D:1      | Noticed a minotaur zombie
   221 | D:1      | Reached skill level 4 in Earth Magic
   221 | D:1      | Reached XP level 2. HP: 15/15 MP: 3/5
   536 | D:1      | You fall into a shaft and drop 1 floor!
   561 | D:2      | Reached XP level 3. HP: 19/19 MP: 4/6
  1148 | D:2      | Reached XP level 4. HP: 24/24 MP: 3/8
  1500 | D:3      | Found an iron altar of Okawaru.
  1687 | D:4      | Reached skill level 5 in Earth Magic
  1724 | D:4      | Reached XP level 5. HP: 21/28 MP: 3/10
  2042 | D:3      | Got the Papyrus of Virulent Blasts
  2214 | D:3      | Learned a level 3 spell: Stone Arrow
  2813 | D:4      | Noticed an ogre
  2815 | D:4      | Killed an ogre
  2816 | D:4      | Reached skill level 1 in Conjurations
  2816 | D:4      | Reached skill level 6 in Earth Magic
  2816 | D:4      | Reached skill level 1 in Evocations
  2816 | D:4      | Reached XP level 6. HP: 32/32 MP: 6/12
  2901 | D:4      | Noticed a black bear
  2905 | D:4      | Killed a black bear
  2999 | D:4      | Found a bloodstained altar of Trog.
  3026 | D:4      | Found a shimmering blue altar of Sif Muna.
  3179 | D:5      | Entered Level 5 of the Dungeon
  3206 | D:5      | Reached XP level 7. HP: 36/36 MP: 9/13
  3385 | D:5      | Found a shimmering altar of Xom.
  3386 | D:5      | Found a shimmering altar of Xom.
  3388 | D:5      | Found a shimmering altar of Xom.
  3388 | D:5      | Found a shimmering altar of Xom.
  3388 | D:5      | Found a shimmering altar of Xom.
  3389 | D:5      | Found a shimmering altar of Xom.
  3469 | D:5      | Noticed Sigmund
  3473 | D:5      | Noticed Grinder
  3481 | D:5      | Killed Sigmund
  3482 | D:5      | Reached skill level 1 in Staves
  3486 | D:5      | Killed Grinder
  3487 | D:5      | Reached skill level 7 in Earth Magic
  3487 | D:5      | Reached XP level 8. HP: 34/41 MP: 0/15
  3718 | D:5      | Reached skill level 5 in Spellcasting
  3758 | D:5      | Found an ornate altar of the Wu Jian Council.
  3803 | D:5      | Found a staircase to the Ecumenical Temple.
  4157 | D:5      | Found a runed translucent door.
  4324 | Temple   | Entered the Ecumenical Temple
  4611 | D:5      | Noticed Crazy Yiuf
  4617 | D:5      | Killed Crazy Yiuf
  5082 | D:6      | Found a radiant altar of Vehumet.
  5134 | D:6      | Became a worshipper of Vehumet
  5180 | D:6      | Reached skill level 1 in Fighting
  5740 | D:7      | Reached XP level 9. HP: 49/49 MP: 12/17
  5882 | D:7      | Found a sparkling altar of Nemelex Xobeh.
  5943 | D:7      | Found a shadowy altar of Dithmenos.
  6071 | D:7      | Found a sand-covered staircase.
  6081 | Ossuary  | Entered an ossuary
  6200 | Ossuary  | Reached skill level 5 in Conjurations
  6221 | Ossuary  | Reached skill level 8 in Earth Magic
  6585 | D:7      | Found Guenniegg's Armour Shoppe.
  6616 | D:7      | Reached * piety under Vehumet
  6616 | D:7      | Offered knowledge of Magic Dart by Vehumet.
  6704 | D:7      | Found a white marble altar of Elyvilon.
  6903 | D:7      | Found an ancient bone altar of Kikubaaqudgha.
  7042 | D:8      | Noticed Maggie
  7048 | D:8      | Killed Maggie
  7071 | D:8      | Found Koibbeaj's Weapon Boutique.
  7313 | D:8      | Reached XP level 10. HP: 27/58 MP: 15/19
  7780 | D:8      | Reached skill level 5 in Evocations
  7918 | D:8      | Reached ** piety under Vehumet
  7921 | D:8      | Offered knowledge of Searing Ray by Vehumet.
  8206 | D:8      | Learned a level 6 spell: Iron Shot
  8345 | D:9      | Reached skill level 9 in Earth Magic
  8433 | D:9      | Reached skill level 5 in Staves
  8439 | D:9      | Reached skill level 5 in Fighting
  8732 | D:9      | Noticed a two-headed ogre
  8732 | D:9      | Noticed a brown ugly thing
  8739 | D:9      | Noticed a tengu warrior
  8754 | D:9      | Killed a two-headed ogre
  8873 | D:9      | Found a staircase to the Orcish Mines.
  8886 | D:9      | Found a stormy altar of Qazlal.
  8899 | D:9      | Noticed a two-headed ogre
  8908 | D:9      | Killed a two-headed ogre
  8974 | D:9      | Killed a tengu warrior
  8975 | D:9      | Reached XP level 11. HP: 49/64 MP: 17/21
  8981 | D:9      | Killed a brown ugly thing
  9077 | D:9      | Found a staircase to the Lair.
  9115 | D:9      | Reached skill level 10 in Earth Magic
  9268 | D:9      | Offered knowledge of Dazzling Flash by Vehumet.
  9347 | D:9      | Found a basalt altar of Yredelemnul.
  9534 | D:9      | Noticed a two-headed ogre
  9540 | D:9      | Killed a two-headed ogre
  9756 | Lair:1   | Entered Level 1 of the Lair of Beasts
  9764 | Lair:1   | Reached *** piety under Vehumet
  9797 | Lair:1   | Noticed an oklob plant
  9802 | Lair:1   | Killed an oklob plant
  9991 | Lair:1   | Found a runed translucent gate.
  9991 | Lair:1   | Found a runed translucent gate.
  9991 | Lair:1   | Found a runed translucent gate.
 10032 | Lair:1   | Noticed an ice dragon
 10032 | Lair:1   | Noticed Tiala's ghost (journeyman DrCj)
 10256 | Lair:1   | Noticed an eight-headed hydra
 10259 | Lair:1   | Killed an eight-headed hydra
 10307 | Lair:1   | Noticed a death yak
 10398 | Lair:1   | Killed a death yak
 10398 | Lair:1   | Offered knowledge of Hailstorm by Vehumet.
 10399 | Lair:1   | Reached XP level 12. HP: 64/72 MP: 8/24
 11415 | Lair:2   | Reached skill level 11 in Earth Magic
 11791 | Lair:2   | Noticed a seven-headed hydra
 11797 | Lair:2   | Killed a seven-headed hydra
 11911 | Lair:2   | Found a staircase to the Swamp.
 11917 | Lair:2   | Reached skill level 1 in Summonings
 12194 | Lair:2   | Found a large runed translucent door.
 12195 | Lair:2   | Found a large runed translucent door.
 12198 | Lair:2   | Noticed Radix's ghost (journeyman GrCA)
 12940 | Lair:2   | Killed Radix's ghost
 13383 | Lair:3   | Reached **** piety under Vehumet
 13726 | Lair:3   | Offered knowledge of Lee's Rapid Deconstruction by Vehumet.
 13734 | Lair:3   | Learned a level 5 spell: Lee's Rapid Deconstruction
 13830 | Lair:3   | Found a hole to the Spider Nest.
 13862 | Lair:3   | Reached XP level 13. HP: 73/79 MP: 10/25
 14464 | Lair:4   | Found a staircase to the Slime Pits.
 14544 | Lair:4   | Found a viscous altar of Jiyva.
 14688 | Lair:4   | Reached skill level 12 in Earth Magic
 15272 | Lair:4   | Reached skill level 10 in Conjurations
 15716 | Lair:5   | Entered Level 5 of the Lair of Beasts
 15926 | Lair:5   | Reached ***** piety under Vehumet
 16110 | Lair:5   | Offered knowledge of Iskenderun's Battlesphere by Vehumet.
 17033 | Lair:5   | Identified the +0 leather armour of Ru's Delight {rPois
                  | rN+++ Int-4 Dex-4}
 17287 | Lair:5   | Reached skill level 10 in Fighting
 17294 | Lair:5   | Gained mutation: Your large and strong wings let you fly.
                  | [Gargoyle growth]
 17294 | Lair:5   | Reached XP level 14. HP: 88/88 MP: 6/27
 17300 | Lair:5   | Reached skill level 10 in Spellcasting
 17436 | Lair:5   | Reached skill level 13 in Earth Magic
 18646 | Lair:1   | Killed Tiala's ghost
 18886 | Orc:1    | Entered Level 1 of the Orcish Mines
 18900 | Orc:1    | Learned a level 5 spell: Iskenderun's Battlesphere
 19220 | Orc:2    | Entered Level 2 of the Orcish Mines
 19277 | Orc:2    | Reached skill level 10 in Staves
 19589 | Orc:1    | Found a frozen archway.
 19602 | IceCv    | Entered an ice cave
 20586 | IceCv    | Noticed a frost giant
 20649 | IceCv    | Reached ****** piety under Vehumet
 20721 | IceCv    | Killed a frost giant
 20931 | IceCv    | Identified the +11 rapier "Jiryocw" {freeze, Stlth+}
 21032 | IceCv    | Reached skill level 14 in Earth Magic
 21626 | Orc:2    | Offered knowledge of Starburst by Vehumet.
 21635 | Orc:2    | Learned a level 6 spell: Starburst
 21730 | Orc:2    | Found Paerph's General Store.
 21741 | Orc:2    | Found Teaseil's General Store.
 21776 | Orc:2    | Reached skill level 1 in Fire Magic
 21860 | Orc:2    | Reached XP level 15. HP: 95/95 MP: 6/29
 22334 | Orc:2    | Found a staircase to the Elven Halls.
 23300 | Orc:2    | Paralysed by an orc sorcerer for 3 turns
 23563 | Orc:2    | Found Nutad's Antique Weapon Emporium.
 23563 | Orc:2    | Found Otaqec's Jewellery Shoppe.
 23563 | Orc:2    | Found a one-way gate leading to the halls of Pandemonium.
 23635 | Orc:2    | Bought a ring of see invisible for 180 gold pieces
 23635 | Orc:2    | Bought a ring of magical power for 240 gold pieces
 23743 | Elf:1    | Entered Level 1 of the Elven Halls
 23746 | Elf:1    | Paralysed by an air elemental for 1 turns
 24079 | Elf:1    | You are sucked into a shaft and drop 1 floor!
 24079 | Elf:2    | Noticed Donald
 24112 | Elf:2    | Noticed a deep elf blademaster
 24114 | Elf:2    | HP: 1/95 [deep elf blademaster/+0 rapier (8)]
 24114 | Elf:2    | Mangled by a deep elf blademaster

Illustrated notes

Levels and vault maps discovered:
D:1:      shiori_arrival_whats_in_store_for_you, layout_rooms
D:2:      layout_basic
D:3:      layout_rooms, okawaru_metal_pillars_1_2, hangedman_decor_push,
          dreamdust_princess_bridge
D:4:      layout_cave_pools, lemuel_blue_sif_altar, lightli_temple_of_fire
D:5:      layout_basic, mainiacjoe_overflow_six_doors_small, xom_redecorated,
          temple_hall, uniq_sigmund, uniq_grinder, uniq_crazy_yiuf_cottage
D:6:      layout_loops_ring, fiery_altar_vehumet
D:7:      layout_basic, nicolae_dithmenos_the_darkroom,
          mainiacjoe_overflow_concentric_impassable,
          nicolae_elyvilon_temple_path, nicolae_overflow_crystal_walls,
          enter_ossuary_2, serial_shops, shop
D:8:      layout_cave_pods, serial_shops, shop, serial_undead, serial_undead_a,
          serial_undead_e, serial_undead_d, serial_undead_a, serial_undead_b,
          serial_undead_e, uniq_maggie
D:9:      minmay_bloctagon, layout_basic, mainiacjoe_overflow_alcove_1,
          nicolae_yredelemnul_corpse_copse, lair_entry_dummy, orc_0_dummy
Temple:   dpeg_three_leaves_temple
Lair:1:   layout_gridlike, gammafunk_ghost_icy, hangedman_lair_generics_rect,
          lemuel_fruit_fields, serial_bayou_shore_a
Lair:2:   layout_gridlike, swamp_mist_pool, ebering_ghost_disaster_area
Lair:3:   layout_chaotic_city, spider_nest_entry_a
Lair:4:   layout_loops_ring, slime_entry_1, st_stairs_11,
          kennysheep_basilisk_garden, grunt_megastairs_5,
          infiniplex_staircase_pool
Lair:5:   minmay_lair_end_enchanted_forest, layout_cave_pods
Orc:1:    layout_caves, portal_ice_cave_demonic_guard, mines2_david
Orc:2:    pf_orc_diabolical, layout_diamond_mine
Elf:1:    layout_onion_city, minmay_elf_sorcery, elves_outpost_lemuel
Elf:2:    nicolae_elf_blades_splatter_lattice [nicolae_blade_entry_pointy_end],
          layout_onion_city, grunt_ministairs_1, minivault_16,
          guppyfry_elf_garden, uniq_donald

Skill      XL: |  1  2  3  4  5  6  7  8  9 10 11 12 13 14 15 |
---------------+----------------------------------------------+-----
Earth Magic    | 4 5 6 7 8 9 10 11 12 14 | 14.0
Spellcasting   | 3 4 5 6 7 8 9 10 11 | 11.6
Conjurations   | 1 2 3 4 5 7 8 9 10 12 | 12.8
Evocations     | 1 2 3 4 6 7 8 |  8.0
Staves         | 2 3 4 6 7 8 9 10 11 | 11.5
Fighting       | 2 4 6 7 8 10 11 | 11.2
Summonings     | 2 3 |  3.1
Fire Magic     | 1 4 |  4.4
Dodging        | |  1.5
Stealth        | |  2.1
Transmutations | |  0.7

Action                   |  1- 3 |  4- 6 |  7- 9 | 10-12 | 13-15 || total
-------------------------+-------+-------+-------+-------+-------++-------
Melee: Dagger            |     2 |       |       |       |       ||     2
       Rapier            |     5 |     4 |       |       |       ||     9
       Whip              |       |     3 |       |       |       ||     3
       Staff             |       |       |     8 |   123 |   363 ||   494
       Punch             |       |       |       |     1 |     1 ||     2
 Cast: Sandblast         |    37 |    64 |   118 |   106 |   124 ||   449
       Stone Arrow       |       |     2 |    21 |   102 |   116 ||   241
       Iron Shot         |       |       |       |    33 |   102 ||   135
       Lee's Rapid Decon |       |       |       |       |    60 ||    60
       Iskenderun's Batt |       |       |       |       |     7 ||     7
Evoke: Wand              |       |       |     3 |    14 |     6 ||    23
  Use: Potion            |       |       |     1 |     3 |    20 ||    24
       Scroll            |       |       |       |    24 |    15 ||    39
Armor: Robe              |     5 |    21 |       |       |       ||    26
       Leather armour    |       |     1 |    23 |       |       ||    24
       Steam dragon scal |       |       |    13 |   162 |   166 ||   341
       Ice dragon scales |       |       |       |       |    33 ||    33
Dodge: Dodged            |    10 |    27 |    35 |   161 |   331 ||   564
Block: Other             |       |     2 |     9 |    71 |    46 ||   128
       Reflection        |       |     1 |     1 |     2 |     7 ||    11
       Buckler           |       |       |       |       |   110 ||   110
